 Dungeon Crawl Stone Soup version 0.29.1-1-gd02db69 (webtiles) character file.

Game seed: 17328951416591254776

45 Timinator the Insei (level 3, -9/28 HPs)
             Began as a Demigod Transmuter on Dec 19, 2022.
             Mangled by a kobold
             ... wielding a +2 whip of electrocution
              (11 damage)
             ... on level 2 of the Dungeon.
             The game lasted 00:03:16 (1536 turns).

Timinator the Insei (Demigod Transmuter)            Turns: 1536, Time: 00:03:17

Health: -9/28      AC:  2    Str: 11    XL:     3   Next: 25%
Magic:  7/8        EV: 12    Int: 15    God:
Gold:   132        SH:  0    Dex: 18    Spells: 5/6 levels left

rFire   . . .      SeeInvis .     - Unarmed
rCold   . . .      Faith    .   (no shield)
rNeg    . . .      Spirit   .   a - +0 robe
rPois   .          Reflect  .   (helmet currently unavailable)
rElec   .          Harm     .   (no cloak)
rCorr   .          Rampage  .   (no gloves)
Will    .....                   (boots currently unavailable)
Stlth   ++........              (no amulet)
HPRegen 0.09/turn               (no ring)
MPRegen 0.11/turn               (no ring)

@: appendages (expiring)
A: horns 2, talons 2, high MP 1, forlorn, divine attributes
a: End Transformation


You were on level 2 of the Dungeon.
You had temporarily grown beastly horns and talons.
You visited 1 branch of the dungeon, and saw 2 of its levels.

You collected 132 gold pieces.

Inventory:

Armour
 a - a +0 robe (worn)
Scrolls
 c - 4 scrolls of identify {unknown}
 d - a scroll of fear {unknown}
 e - 2 scrolls of teleportation {unknown}
 h - a scroll of amnesia {unknown}
 j - a scroll of fog {unknown}
Potions
 b - a potion of lignification
 f - a potion of cancellation {unknown}
 g - a potion of ambrosia {unknown}
 i - a potion of heal wounds {unknown}


   Skills:
 * Level 1.1 Fighting
 * Level 0.8 Armour
 * Level 2.1 Dodging
 + Level 3.0 Unarmed Combat
 + Level 2.1 Spellcasting
 * Level 2.2 Transmutations


You had 5 spell levels left.
You knew the following spells:

 Your Spells              Type           Power      Damage    Failure   Level
a - Beastly Appendage     Tmut           16%        N/A       9%          1

Your spell library contained the following spells:

 Spells                   Type           Power      Damage    Failure   Level
 Wereblood                Tmut           8%         N/A       14%         2
 Spider Form              Tmut/Pois      4%         N/A       38%         3
 Ice Form                 Ice/Tmut       4%         N/A       80%         4
 Dispersal                Tloc           0%         N/A       100%        6
 Disjunction              Tloc           0%         N/A       100%        8


Dungeon Overview and Level Annotations

Branches:
Dungeon (2/15)


Innate Abilities, Weirdness & Mutations

You have temporarily grown beastly horns and talons.
You have an increased reservoir of magic. (+10% MP)
You shall have no god before yourself.
Your divine heritage dramatically boosts your attributes as you level up.


Message History

HP restored.
A goblin comes into view. It is wielding a +0 club.
The goblin shouts!
You see here a scroll labelled SEMAZEGGEWK.
Casting: Beastly Appendage (safe; 9% risk of failure)
Confirm with . or Enter, or press ? or * to list all spells.
You grow a pair of large bovine horns.
Your feet morph into talons.
The goblin closely misses you.
You barely miss the goblin. You headbutt the goblin.
You kill the goblin!
Your transformation is almost over.
Things that are here:
a +0 club; a goblin corpse
j - a scroll labelled SEMAZEGGEWK Unknown command.
Your horns disappear.
Your talons disappear.
Found 2 poisoned darts.
You now have 119 gold pieces (gained 15).
You now have 132 gold pieces (gained 13).
A kobold comes into view.
It is wielding a +2 whip of electrocution.
The kobold moves out of view.
The kobold throws a stone.
The stone hits you but does no damage.
Casting: Beastly Appendage (safe; 9% risk of failure)
Confirm with . or Enter, or press ? or * to list all spells.
You grow a pair of large bovine horns.
Your feet morph into talons.
Your transformation is almost over.
You hit the kobold but do no damage. You claw the kobold, but do no damage.
Your headbutt misses the kobold. Your punch misses the kobold.
The kobold barely misses you.
You miss the kobold. Your headbutt misses the kobold.
The kobold hits you with a +2 whip of electrocution.
You are electrocuted!!
Ouch! That really hurt!
* * * LOW HITPOINT WARNING * * *
You hit the kobold.
The kobold is moderately wounded.
The kobold hits you with a +2 whip of electrocution.
* * * LOW HITPOINT WARNING * * *
You are electrocuted!
You die...

#...## #.#
##...###
#.#
###...###.#
###...#.#
###...###.#
##...###
#(# #...##
##...###
###.@.#
###K..#
.......
.......
.......
.......
.......
.......


You could see a kobold.

Vanquished Creatures
  A worm (D:2)
  2 dart slugs (D:1)
  6 ball pythons
  A bat (D:1)
  2 endoplasms (D:1)
  4 goblins
  5 hobgoblins (D:1)
  6 jackals (D:1)
  3 frilled lizards (D:1)
  2 rats (D:1)
32 creatures vanquished.

Notes
Turn   | Place    | Note
-------+----------+-------------------------------------------
     0 | D:1      | Timinator the Demigod Transmuter began the quest for the
                  | Orb.
     0 | D:1      | Reached XP level 1. HP: 15/15 MP: 5/5
    76 | D:1      | Reached skill level 1 in Fighting
    79 | D:1      | Reached XP level 2. HP: 15/23 MP: 4/7
   573 | D:1      | Reached skill level 3 in Unarmed Combat
   949 | D:1      | Reached XP level 3. HP: 23/28 MP: 8/8
  1536 | D:2      | Mangled by a kobold

Illustrated notes

Levels and vault maps discovered:
D:1:      dpeg_arrival_shrine, layout_basic,
          hellmonk_ecumenical_altar_pennies_from_heaven
D:2:      layout_basic, serial_curves, eino_curves_01, eino_curves_03

Skill      XL: |  1  2 |
---------------+-------+-----
Fighting       | 1 |  1.1
Dodging        | 2 |  2.1
Transmutations | 2 |  2.2
Unarmed Combat | 3 |  3.0
Spellcasting   | 2 |  2.1
Armour         | |  0.8

Action                   || total
-------------------------++-------
Melee: Unarmed           ||    87
       Headbutt          ||     8
       Kick              ||    18
 Cast: Beastly Appendage ||    14
Armor: Robe              ||    17
Dodge: Dodged            ||    49
